 Dungeon Crawl Stone Soup version 0.30-a0-250-g41c1d76940 (webtiles) character file.

Game seed: 14612007134049252813

1762081 greasedhog the Hill Orc Catastrophe (level 27, 247/273 HPs)
             Began as a Hill Orc Fighter on Oct 12, 2022.
             Was an Elder of Qazlal.
             Escaped with the Orb
             ... and 3 runes!
             The game lasted 02:19:35 (64225 turns).

greasedhog the Hill Orc Catastrophe (HOFi)         Turns: 64225, Time: 02:19:36

Health: 247/273    AC: 45    Str: 43    XL:     27
Magic:  40/40      EV: 17    Int:  8    God:    Qazlal [****..]
Gold:   3385       SH: 28    Dex: 14    Spells: 24/28 levels left

rFire   + + .      SeeInvis +    a - +9 broad axe (flame)
rCold   + . .      Faith    .    p - +5 kite shield {reflect}
rNeg    . . .      Spirit   .    V - +9 plate armour "Waaxt" {Regen+ Slay+2}
rPois   +          Reflect  +    M - +2 hat
rElec   +          Harm     .    O - +4 dragonskin cloak
rCorr   .          Rampage  .    D - +2 pair of gloves
Will    +++..                    b - +1 pair of boots of the Robin {rElec}
Stlth   ..........               Z - amulet "Nebutteu" {Reflect Str+5 SH+5 SInv Stlth-}
HPRegen 1.45/turn                N - ring of Qeec Sam {rPois rF+ rC+ Dex+6}
MPRegen 0.27/turn                G - ring "Catic" {rF+ Will+ Str+5 Slay+4}

@: studying Maces & Flails, repel missiles
A: clumsy 1, electricity resistance, subdued magic 1
0: Orb of Zot
}: 3/15 runes: barnacled, silver, gossamer
a: Renounce Religion, Upheaval, Elemental Force


You escaped.
You worshipped Qazlal.
Qazlal was greatly pleased with you.
You visited 9 branches of the dungeon, and saw 45 of its levels.
You also visited: Ossuary and Ice Cave.

You collected 9300 gold pieces.
You spent 5915 gold pieces at shops.

Inventory:

Hand Weapons
 a - a +9 broad axe of flaming (weapon)
 S - a +1 broad axe of venom
Missiles
 g - 11 silver javelins (quivered)
 j - 10 throwing nets
Armour
 b - the +1 pair of boots of the Robin (worn) {rElec}
   (You found it on level 3 of the Spider Nest)

   rElec:     It insulates you from electricity.
 p - a +5 kite shield of reflection (worn)
 D - a +2 pair of gloves (worn)
 M - a +2 hat (worn)
 O - the +4 dragonskin cloak (worn)
   (You took it off Tiamat on level 2 of the Realm of Zot)

   It grants the wearer a chance to resist fire, cold, poison, electricity,
   acid, and negative energy.
 V - the +9 plate armour "Waaxt" (worn) {Regen+ Slay+2}
   (You found it in an ice cave)

   Slay:      It affects your accuracy & damage with ranged weapons and melee
   (+2).
   Regen:     It increases your rate of health regeneration.
Jewellery
 G - the ring "Catic" (right hand) {rF+ Will+ Str+5 Slay+4}
   (You took it off a vampire mage on level 4 of the Depths)

   [ring of willpower]

   Str:       It affects your strength (+5).
   Slay:      It affects your accuracy & damage with ranged weapons and melee
   (+4).
   rF:        It protects you from fire.
   Will:      It increases your willpower.
 N - the ring of Qeec Sam (left hand) {rPois rF+ rC+ Dex+6}
   (You bought it in a shop on level 2 of the Shoals)

   [ring of dexterity]

   Dex:       It affects your dexterity (+6).
   rF:        It protects you from fire.
   rC:        It protects you from cold.
   rPois:     It protects you from poison.
 T - the ring "Qiush" {rC+ rCorr Int+4 Dex+3}
   (You bought it in a shop on level 1 of the Depths)

   [ring of protection from cold]

   Int:       It affects your intelligence (+4).
   Dex:       It affects your dexterity (+3).
   rC:        It protects you from cold.
   rCorr:     It protects you from acid and corrosion.
 X - the ring of Insomnia {rF- Str+6 Dex+5 Slay+6 SInv}
   (You took it off a spriggan berserker on level 4 of the Depths)

   [ring of strength]

   Str:       It affects your strength (+6).
   Dex:       It affects your dexterity (+5).
   Slay:      It affects your accuracy & damage with ranged weapons and melee
   (+6).
   rF:        It makes you vulnerable to fire.
   SInv:      It lets you see invisible.
 Y - a +4 ring of evasion
 Z - the amulet "Nebutteu" (around neck) {Reflect Str+5 SH+5 SInv Stlth-}
   (You acquired it on level 15 of the Dungeon)

   [amulet of reflection]

   It reflects blocked missile attacks.
   Str:       It affects your strength (+5).
   SInv:      It lets you see invisible.
   SH:        It affects your SH (+5).
   Stlth:     It makes you less stealthy.
Wands
 k - a wand of paralysis (22)
 m - a wand of polymorph (15)
 o - a wand of mindburst (19)
 E - a wand of digging (17)
 I - a wand of iceblast (51)
 K - a wand of light (31)
 R - a wand of flame (37)
Scrolls
 f - 6 scrolls of blinking
 n - 3 scrolls of silence
 q - 12 scrolls of amnesia
 r - 3 scrolls of magic mapping
 t - 13 scrolls of fear
 y - 2 scrolls of enchant armour
 F - 6 scrolls of poison
 H - 32 scrolls of teleportation
 J - 5 scrolls of immolation
 P - a scroll of brand weapon
 Q - 5 scrolls of butterflies
 W - 5 scrolls of summoning
Potions
 c - 3 potions of haste
 d - 2 potions of resistance
 e - 8 potions of lignification
 h - 3 potions of might
 i - 8 potions of brilliance
 l - 14 potions of flight
 s - 4 potions of magic
 u - 4 potions of berserk rage
 v - 2 potions of heal wounds
 x - 13 potions of ambrosia
 z - 8 potions of attraction
 A - 5 potions of cancellation
 B - 22 potions of curing
 C - 8 potions of invisibility
Miscellaneous
 L - a condenser vane (inert)


   Skills:
 O Level 27 Fighting
 - Level 18.0 Axes
 * Level 25.0 Armour
 * Level 17.7 Dodging
 - Level 13.7 Shields
 - Level 1.1 Spellcasting
 - Level 11.0 Translocations
 - Level 10.1 Transmutations
 O Level 27 Invocations
 * Level 4.4 Evocations


You had 24 spell levels left.
You knew the following spells:

 Your Spells              Type           Power      Damage    Failure   Level
a - Blink                 Tloc           26%        N/A       1%          2
b - Wereblood             Tmut           12%        N/A       2%          2

Your spell library contained the following spells:

 Spells                   Type           Power      Damage    Failure   Level
 Beastly Appendage        Tmut           24%        N/A       1%          1
 Lesser Beckoning         Tloc           26%        N/A       4%          3
 Manifold Assault         Tloc           13%        N/A       16%         4
 Passage of Golubria      Tloc           13%        N/A       16%         4
 Sting                    Tmut/Pois      24%        1d4       17%         1
 Momentum Strike          Conj/Tloc      14%        3d8       22%         2
 Portal Projectile        Hex/Tloc       14%        N/A       41%         3
 Vhi's Electric Charge    Tloc/Air       14%        N/A       41%         3
 Spider Form              Tmut/Pois      6%         N/A       47%         3
 Blade Hands              Tmut           6%         N/A       52%         5
 Kindle Blastsparks       Fire/Tloc/Air  8%         2d10      69%         3
 Ignite Poison            Fire/Tmut/Pois 4%         N/A       73%         3
 Kiss of Death            Conj/Necr      0%         2d5       83%         1
 Magic Dart               Conj           0%         1d3       83%         1
 Necrotise                Necr           0%         1d4       83%         1
 Shock                    Conj/Air       0%         1d3       83%         1
 Slow                     Hex            0%         N/A       83%         1
 Iskenderun's Mystic Bla  Conj/Tloc      7%         2d4       83%         4
 Cigotuvi's Dreadful Rot  Necr/Pois/Air  0%         N/A       92%         2
 Poisonous Vapours        Pois/Air       0%         N/A       92%         2
 Searing Ray              Conj           0%         2d4       92%         2
 Static Discharge         Conj/Air       0%         2-2/arc   92%         2
 Sublimation of Blood     Necr           0%         N/A       92%         2
 Dispersal                Tloc           6%         N/A       94%         6
 Confusing Touch          Hex            0%         N/A       99%         3
 Dazzling Flash           Conj/Hex       0%         N/A       99%         3
 Stone Arrow              Conj/Erth      0%         3d7       99%         3
 Summon Guardian Golem    Hex/Summ       0%         N/A       99%         3
 Swiftness                Air            0%         N/A       99%         3
 Tukima's Dance           Hex            0%         N/A       99%         3
 Vampiric Draining        Necr           0%         2d6       99%         3
 Alistair's Intoxication  Tmut/Pois      4%         N/A       99%         5
 Summon Forest            Summ/Tloc      3%         N/A       99%         5
 Yara's Violent Unravell  Hex/Tmut       3%         3d4       99%         5
 Airstrike                Air            0%         2d(0-16)  100%        4
 Animate Armour           Summ/Erth      0%         N/A       100%        4
 Dispel Undead            Necr           0%         3d6       100%        4
 Fulminant Prism          Conj/Hex       0%         3d6       100%        4
 Olgreb's Toxic Radiance  Pois           0%         N/A       100%        4
 Sticky Flame             Conj/Fire      0%         2d3       100%        4
 Agony                    Necr           0%         N/A       100%        5
 Arcjolt                  Conj/Air       0%         1d10      100%        5
 Borgnjor's Vile Clutch   Necr/Erth      0%         N/A       100%        5
 Lightning Bolt           Conj/Air       0%         1d11      100%        5
 Silence                  Hex/Air        0%         N/A       100%        5
 Summon Mana Viper        Hex/Summ       0%         N/A       100%        5
 Conjure Ball Lightning   Conj/Air       0%         3x3d6     100%        6
 Death Channel            Necr           0%         N/A       100%        6
 Eringya's Noxious Bog    Tmut/Pois      3%         N/A       100%        6
 Iron Shot                Conj/Erth      0%         9d1       100%        6
 Starburst                Conj/Fire      0%         6d3       100%        6
 Summon Cactus Giant      Summ           0%         N/A       100%        6
 Enfeeble                 Hex            0%         N/A       100%        7
 Malign Gateway           Summ/Tloc      3%         N/A       100%        7
 Orb of Destruction       Conj           0%         9d5       100%        7
 Ozocubu's Refrigeration  Ice            0%         4d7       100%        7
 Spellforged Servitor     Conj/Summ      0%         N/A       100%        7
 Summon Hydra             Summ           0%         N/A       100%        7
 Borgnjor's Revivificati  Necr           0%         N/A       100%        8
 Discord                  Hex            0%         N/A       100%        8
 Disjunction              Tloc           6%         N/A       100%        8
 Ignition                 Fire           0%         3d3       100%        8
 Lehudib's Crystal Spear  Conj/Erth      0%         10d2      100%        8
 Necromutation            Tmut/Necr      3%         N/A       100%        8
 Summon Horrible Things   Summ           0%         N/A       100%        8
 Death's Door             Necr           0%         N/A       100%        9


Dungeon Overview and Level Annotations

Branches:
Dungeon (15/15)            Temple (1/1) D:6            Lair (5/5) D:10
 Shoals (4/4) Lair:2       Spider (4/4) Lair:3        Slime (0/5) Lair:5
    Orc (2/2) D:10            Elf (0/3) Orc:2        Vaults (5/5) D:13
  Crypt (0/3) Vaults:3     Depths (4/4) D:15            Zot (5/5) Depths:4
Ossuary (visited)           IceCv (visited)

Altars:
Ashenzari
Cheibriados
Dithmenos
Elyvilon
Fedhas
Gozag
Hepliaklqana
Kikubaaqudgha
Makhleb
Nemelex Xobeh
Okawaru
Qazlal
Ru
Sif Muna
Trog
Uskayaw
Vehumet
Wu Jian
Xom
Yredelemnul
Zin
The Shining One
Lugonu

Shops:
D:6 !   D:8 *   Orc:1 (=?:=   Orc:2 (=*[(   Shoals:2 :=[:(   Shoals:4 *
Vaults:1 !   Vaults:3 !   Vaults:4 ?   Zot:5 *   Depths:1 (=   Depths:2 ?
Depths:4 *

Portals:
Hell: Depths:1 Depths:2 Depths:3 Depths:4
Abyss: Lair:5 Depths:1 Depths:2 Depths:3 Depths:4
Pandemonium: Depths:1 Depths:2
Ziggurat: Depths:4

Annotations:
D:3 1 runed translucent door
Lair:1 2 transporters, Kuuciris's ghost, journeyman DgGl
Lair:5 2 transporters, MrSquiggles's ghost, journeyman OpTm


Innate Abilities, Weirdness & Mutations

You are clumsy. (Dex -2)
You are resistant to electric shocks. (rElec)
Your spells are a little easier to cast, but a little less powerful.


Message History

You slash the Hell Sentinel!
The Hell Sentinel is moderately wounded.
You block the Hell Sentinel's attack.
The Hell Sentinel hits you but does no damage.
You slash the Hell Sentinel!
The Hell Sentinel is moderately wounded.
The Hell Sentinel gestures at you.
The sphere of damnation explodes!
The damnation engulfs you!!
The damnation engulfs the Hell Sentinel.
The Hell Sentinel completely resists.
You slash the Hell Sentinel!
The Hell Sentinel is moderately wounded.
You block the Hell Sentinel's attack. The Hell Sentinel hits you!
You hit the Hell Sentinel but do no damage.
The Hell Sentinel is moderately wounded.
The Hell Sentinel gestures at you.
The sphere of damnation explodes!
The damnation engulfs you!!
The damnation engulfs the Hell Sentinel.
The Hell Sentinel completely resists.
You slice the Hell Sentinel like a ripe choko!!!
The Hell Sentinel is severely wounded.
You hit the Hell Sentinel but do no damage.
The Hell Sentinel is severely wounded.
You howl as the wereblood boils in your veins!
You block the Hell Sentinel's attack.
The Hell Sentinel completely misses you.
You slice the Hell Sentinel!!
The Hell Sentinel is severely wounded.
You block the Hell Sentinel's attack.
The Hell Sentinel hits you but does no damage.
You carve the Hell Sentinel like a ham!!!
You feel a bit better.
You kill the Hell Sentinel!
Qazlal accepts your kill.
You howl as the wereblood boils in your veins!
Your primal bloodlust is almost over.
You see here a +0 robe.
Your primal bloodlust has ended.
There is a staircase leading out of the dungeon here.
You have escaped!

#............#
#.##########.# #.# ##.#
#.# #####... #.#
#....... #.# #.###...
#.# #.# ##.# #♣#
#.#####.####.#
♣@♣##.....>......#
♣..♣#######.######
######..♣#### #.# #
#...#♣.♣##..# #.### #
#.##..♣.♣.#.####...## #
#.#####♣.##.........###
#.# #######..)......
#.# ##....#.........#
#.# #.............[..


There were no monsters in sight!

Vanquished Creatures
  5 pandemonium lords
  Tiamat (Zot:2)
  7 dread liches
  3 ancient liches (Zot:5)
  4 orbs of fire
  A juggernaut (Depths:3)
  Sojobo (Vaults:2)
  4 Killer Klowns
  Saint Roka (Depths:2)
  Frederick (Vaults:2)
  The ghost of garrulousMonolith the Whirler, a veteran GnFi of Cheibriados (Vaults:1)
  6 caustic shrikes
  3 curse toes
  The ghost of Galytir the Slayer, an adept HOFi of Beogh (Vaults:1)
  15 golden dragons
  The ghost of Ygreuj the End of an Era, a veteran DsFi of Qazlal (Vaults:1)
  2 Tzitzimimeh
  4 walking crystal tomes
  3 electric golems
  Rupert (D:14)
  An Ice Fiend (D:11)
  A Hell Sentinel (D:1)
  4 liches
  27 Orb Guardians
  A walking earthen tome (Depths:3)
  Asterion (Vaults:1)
  14 tentacled monstrosities
  5 titans
  The ghost of SirDiesAlot the Bludgeoner, an adept OgFE of Okawaru (Spider:1)
  A kraken (Shoals:4)
  7 quicksilver dragons
  10 death cobs
  A sphinx (shapeshifter) (Vaults:5)
  8 sphinxes
  3 walking frostbound tomes
  2 Executioners
  23 storm dragons
  14 shadow dragons
  3 tengu reavers
  5 draconian monks
  Donald (Vaults:2)
  17 fire giants
  7 draconian knights
  2 iron dragons
  26 frost giants
  8 draconian scorchers
  14 ghost moths
  A balrug (Zot:4)
  3 emperor scorpions (Spider:4)
  2 caustic shrike zombies (Depths:1)
  5 orc warlords
  Louise (D:14)
  Aizul (Lair:3)
  3 draconian shifters
  27 vault wardens
  6 draconian stormcallers
  3 spriggan defenders
  A quicksilver ooze (shapeshifter) (Vaults:5)
  17 ironbound preservers
  26 stone giants
  The ghost of Gifaivo the Spry, a journeyman DECj of Sif Muna (Spider:3)
  3 broodmothers
  15 very ugly things
  7 ironbound thunderhulks
  2 war gargoyles
  8 draconian annihilators
  7 vampire knights
  11 green draconians
  Nessos (Lair:3)
  A deep elf demonologist (Depths:3)
  A lorocyproca (D:11)
  16 dire elephants
  Azrael (D:14)
  8 yellow draconians
  9 black draconians
  6 purple draconians
  2 deep elf annihilators (Vaults:5)
  7 white draconians
  7 spark wasps
  5 red draconians
  A bunyip (shapeshifter) (Depths:3)
  5 merfolk javelineers (Shoals:4)
  6 merfolk impalers
  3 deep elf death magi
  Josephine (D:14)
  A jiangshi (Vaults:3)
  14 entropy weavers
  A crystal guardian (Vaults:2)
  2 green deaths
  16 yaktaur captains
  16 ettins
  A great orb of eyes (shapeshifter) (Vaults:5)
  18 fire dragons
  2 deep elf high priests
  Harold (Orc:1)
  8 hydras
  3 great orbs of eyes
  Fannar (Lair:2)
  9 ice dragons
  2 ogre magi (Vaults:5)
  8 rakshasas
  37 vault guards
  A radroach (Spider:2)
  2 jorogumos (Spider:3)
  A peacekeeper (Vaults:2)
  A catoblepas (Lair:2)
  3 centaur warriors
  5 spriggan air magi
  An alligator snapping turtle (Shoals:1)
  An alligator (shapeshifter) (Depths:3)
  A merfolk aquamancer (Shoals:4)
  8 ironbound frosthearts
  2 death knights
  4 merfolk avatars
  6 two-headed ogres
  Erica (D:8)
  8 death yaks
  4 boulder beetles
  4 satyrs
  9 tengu warriors
  14 deep troll earth magi
  2 death scarabs (Spider:3)
  9 deep troll shamans
  3 vampire magi
  2 thrashing horrors (Lair:5)
  12 spriggan berserkers
  A titan zombie (Depths:1)
  3 orc high priests
  The ghost of koil the Covert, a journeyman SpEn of Okawaru (D:13)
  11 hell knights
  A sun demon (D:11)
  10 pharaoh ants
  4 sun moths
  A sixfirhy (D:11)
  6 skeletal warriors (D:15)
  Nergalle (Orc:1)
  5 iron trolls
  34 deep trolls
  14 sea snakes
  2 swamp dragons (D:12)
  4 flayed ghosts
  3 steelbarb worms
  3 glowing orange brains
  A shadow demon (D:15)
  15 orb spiders
  4 phantasmal warriors
  8 wizards
  A lindwurm (shapeshifter) (Vaults:5)
  11 ironbound convokers
  4 deep elf pyromancers
  A shining eye (D:12)
  4 necromancers
  9 orc knights
  An orange crystal statue (Zot:5)
  Pikel (D:8)
  2 harpies (shapeshifter)
  5 lindwurms
  An iron dragon zombie (Depths:1)
  23 wolf spiders
  37 harpies
  28 ugly things
  17 fauns
  5 orc sorcerers
  8 cyclopes
  A shining eye (shapeshifter) (D:15)
  A fire giant zombie (Depths:1)
  15 manticores
  A fire giant skeleton (Depths:1)
  An elephant (D:10)
  5 black mambas
  29 moths of wrath
  15 vault sentinels
  3 water nymphs
  An ice statue (IceCv)
  4 merfolk sirens (Shoals:4)
  A frost giant skeleton (Depths:1)
  5 torpor snails
  3 gargoyles
  2 orange demons
  A smoke demon (Lair:5)
  10 cane toads
  3 kobold demonologists
  An ice devil (Zot:4)
  6 komodo dragons
  An unseen horror (D:11)
  62 yaktaurs
  3 freezing wraiths
  3 rime drakes
  2 hellwings (Zot:4)
  4 tengu conjurers
  7 demonic crawlers
  2 ancient zymes (Lair:5)
  3 red devils
  A queen bee (Spider:1)
  A tyrant leech (shapeshifter) (Depths:4)
  7 wind drakes
  10 trolls
  27 merfolk
  7 meliai
  19 polar bears
  Prince Ribbit (D:8)
  A tarantella (shapeshifter) (D:14)
  7 dream sheep
  33 slime creatures
  6 hornets
  19 tarantellas
  22 blink frogs
  11 snapping turtles
  A culicivora (shapeshifter) (Lair:5)
  29 jumping spiders
  A snapping turtle (shapeshifter) (Vaults:5)
  26 culicivoras
  Sigmund (D:6)
  4 spriggans
  8 wraiths
  4 large abominations
  A vampire (D:13)
  2 ynoxinuls (Lair:5)
  95 yaks
  7 wyverns
  Eustachio (D:5)
  3 fire elementals (D:14)
  4 water elementals
  6 vampire mosquitoes
  7 basilisks
  2 chaos spawn
  2 redbacks (shapeshifter)
  66 redbacks
  9 small abominations
  A steam dragon (Lair:2)
  2 swamp worms (shapeshifter) (Vaults:5)
  9 wargs
  An ogre zombie (Vaults:3)
  Menkaure (Ossuary)
  14 water moccasins
  A glowing shapeshifter skeleton (Depths:1)
  8 acid dragons
  5 hell hounds (D:14)
  5 floating eyes
  33 orc warriors
  2 ice beasts
  3 black bears
  9 centaurs
  A centaur (shapeshifter) (Vaults:5)
  15 ogres
  41 wolves
  An elf simulacrum (Vaults:3)
  2 lemures (D:8)
  10 bullfrogs
  2 kobold brigands
  A human skeleton (Vaults:3)
  A gnoll sergeant (D:13)
  7 scorpions
  3 two-headed ogre simulacra (D:11)
  A necrophage (D:4)
  9 wights
  29 killer bees
  An electric eel (Lair:5)
  A howler monkey (D:6)
  3 hounds
  A jelly (D:6)
  3 human zombies
  29 orc priests
  Jessica (D:3)
  4 iguanas
  18 orc wizards
  A spriggan simulacrum (D:11)
  3 mummies (Ossuary)
  5 gnolls (D:13)
  5 adders
  2 naga simulacra (D:11)
  A white imp (D:5)
  2 ufetubi
  A worm (D:3)
  4 dart slugs
  84 orcs
  13 ball pythons
  2 bat zombies (D:2)
  6 endoplasms
  2 giant cockroaches
  8 goblins
  8 hobgoblins
  5 jackals
  4 quokkas
  4 ball python skeletons (D:2)
  A ball python zombie (D:2)
  7 bats
  2 frilled lizards
  A giant cockroach zombie (D:2)
  4 gnoll skeletons (Ossuary)
  4 gnoll zombies (Ossuary)
  3 goblin skeletons (Ossuary)
  13 goblin zombies
  3 hobgoblin skeletons (Ossuary)
  3 hobgoblin zombies (Ossuary)
  A jackal skeleton (D:2)
  19 kobolds
  3 kobold skeletons (Ossuary)
  2 kobold zombies (Ossuary)
  5 orc skeletons (Ossuary)
  An orc zombie (Ossuary)
  2 rats (D:2)
  7 rat skeletons (Ossuary)
  4 rat zombies
  3 bushes (Shoals:3)
  A tentacle (Shoals:4)
2209 creatures vanquished.

Vanquished Creatures (collateral kills)
  An orb of fire (Zot:1)
  Nikola (Depths:1)
  A golden dragon (Vaults:5)
  A tentacled monstrosity (Vaults:5)
  Jorgrun (Lair:3)
  3 tengu reavers
  A ghost moth (Zot:3)
  A draconian shifter (Zot:3)
  A minotaur (D:13)
  A death knight (D:15)
  A skeletal warrior (D:15)
  A phantasmal warrior (D:15)
  An orc sorcerer (Orc:2)
  An orc knight (Orc:2)
  A yaktaur (shapeshifter) (D:13)
  A slime creature (D:13)
  2 orc priests (Orc:2)
  2 orc wizards (Orc:2)
  An orc (Orc:2)
23 creatures vanquished.

Vanquished Creatures (others)
  An ancient lich (Zot:1)
  A walking frostbound tome (Depths:3)
  2 draconian knights
  A war gargoyle (Vaults:5)
  A red draconian (Zot:1)
  A death yak (IceCv)
  A deep troll (Depths:1)
  An orb spider (Spider:4)
  A moth of wrath (Depths:4)
  A manticore (Shoals:1)
  A merfolk (Shoals:3)
  A culicivora (Spider:3)
  24 fungi
  63 plants
  3 tentacles (Shoals:4)
  3 withered plants (D:2)
106 creatures vanquished.

Grand Total: 2338 creatures vanquished

Notes
Turn   | Place    | Note
-------+----------+-------------------------------------------
     0 | D:1      | greasedhog the Hill Orc Fighter began the quest for the
                  | Orb.
     0 | D:1      | Reached XP level 1. HP: 19/19 MP: 1/1
   250 | D:1      | Reached XP level 2. HP: 24/27 MP: 2/2
   835 | D:2      | Reached XP level 3. HP: 27/33 MP: 3/3
  1397 | D:3      | Reached XP level 4. HP: 32/40 MP: 4/4
  1440 | D:3      | Noticed a human
  1441 | D:3      | Found a runed translucent door.
  1444 | D:3      | Found a basalt altar of Yredelemnul.
  1560 | D:3      | Reached XP level 5. HP: 39/47 MP: 5/5
  1611 | D:3      | Noticed Jessica
  1612 | D:3      | Killed Jessica
  1754 | D:3      | Found a hazy altar of Hepliaklqana.
  2043 | D:3      | Reached skill level 5 in Fighting
  2043 | D:3      | Reached XP level 6. HP: 56/56 MP: 6/6
  2088 | D:3      | Identified the +11 sling "Hakiroas" {venom, rF+ rN+}
  2309 | D:4      | Found a glowing silver altar of Zin.
  2355 | D:4      | Reached skill level 5 in Axes
  2432 | D:4      | Reached skill level 5 in Armour
  2432 | D:4      | Reached skill level 5 in Shields
  2609 | D:4      | Reached XP level 7. HP: 52/62 MP: 7/7
  2773 | D:4      | Identified the +5 scale mail "Otap" {-Tele Fly rCorr}
  3000 | D:5      | Entered Level 5 of the Dungeon
  3223 | D:5      | Found a sand-covered staircase.
  3239 | Ossuary  | Entered an ossuary
  3527 | Ossuary  | Noticed Menkaure
  3535 | Ossuary  | Killed Menkaure
  3947 | D:5      | Reached XP level 8. HP: 61/71 MP: 8/8
  4197 | D:5      | Noticed Eustachio
  4219 | D:5      | Killed Eustachio
  4312 | D:5      | Noticed a yak
  4312 | D:5      | Noticed a yak
  4312 | D:5      | Noticed a yak
  4312 | D:5      | Noticed a yak
  4312 | D:5      | Noticed a yak
  4312 | D:5      | Noticed a yak
  4332 | D:5      | Killed a yak
  4336 | D:5      | Killed a yak
  4342 | D:5      | Killed a yak
  4347 | D:5      | Killed a yak
  4348 | D:5      | Reached XP level 9. HP: 53/80 MP: 9/9
  5012 | D:6      | Found a staircase to the Ecumenical Temple.
  5033 | Temple   | Entered the Ecumenical Temple
  5038 | Temple   | Became a worshipper of Qazlal Stormbringer
  5321 | D:6      | Reached skill level 1 in Invocations
  5338 | D:6      | Noticed Sigmund
  5349 | D:6      | Killed Sigmund
  5431 | D:6      | Found Ziruirysh's Distillery.
  5685 | D:6      | Bought a potion of heal wounds for 60 gold pieces
  5685 | D:6      | Bought a potion of resistance for 120 gold pieces
  5685 | D:6      | Bought a potion of heal wounds for 60 gold pieces
  6761 | D:8      | Noticed Erica
  6773 | D:8      | Killed Erica
  6774 | D:8      | Reached XP level 10. HP: 45/91 MP: 10/12
  7038 | D:8      | Noticed Prince Ribbit
  7074 | D:8      | Killed Prince Ribbit
  7074 | D:8      | Reached * piety under Qazlal
  7362 | D:8      | Noticed a gargoyle
  7373 | D:8      | Killed a gargoyle
  7374 | D:8      | Reached skill level 10 in Axes
  7607 | D:8      | Got the Textbook on Reshaped Stolen Souls
  8016 | D:8      | Noticed Pikel
  8035 | D:8      | Killed Pikel
  8251 | D:8      | Found Ymiqef's General Store.
  8268 | D:8      | Bought a potion of lignification for 36 gold pieces
  8268 | D:8      | Bought a scroll of identify for 24 gold pieces
  8907 | D:9      | Reached skill level 10 in Fighting
  9148 | D:9      | Noticed a manticore
  9169 | D:9      | Killed a manticore
  9362 | D:9      | Reached XP level 11. HP: 90/100 MP: 14/14
  9469 | D:9      | Identified the +11 dagger of Naozes {speed, rPois Will+
                  | Str-5}
  9597 | D:9      | Found a shimmering altar of Xom.
  9598 | D:9      | Found a sparkling altar of Nemelex Xobeh.
  9600 | D:9      | Found a sacrificial altar of Ru.
  9627 | D:10     | Entered Level 10 of the Dungeon
  9645 | D:10     | Found a staircase to the Lair.
  9672 | D:10     | Reached skill level 5 in Invocations
 10202 | D:10     | Found a staircase to the Orcish Mines.
 10445 | D:10     | Reached ** piety under Qazlal
 10662 | D:10     | Found a broken altar of Ashenzari.
 10726 | D:10     | Reached skill level 10 in Armour
 10738 | D:10     | Reached skill level 10 in Shields
 11006 | D:10     | Noticed a cyclops
 11015 | D:10     | Killed a cyclops
 11242 | D:10     | Noticed a two-headed ogre
 11247 | D:10     | Reached skill level 1 in Dodging
 11255 | D:10     | Killed a two-headed ogre
 11464 | Lair:1   | Entered Level 1 of the Lair of Beasts
 11787 | Orc:1    | Entered Level 1 of the Orcish Mines
 11946 | Orc:1    | Found Isut Bam's Jewellery Boutique.
 11958 | Orc:1    | Bought a ring of poison resistance for 300 gold pieces
 11980 | Orc:1    | Found Vorep's Magic Scroll Shop.
 12011 | Orc:1    | Noticed Nergalle
 12032 | Orc:1    | Killed Nergalle
 12186 | Orc:1    | Found Zaecsa's Jewellery Shop.
 12205 | Orc:1    | Bought a scroll of identify for 30 gold pieces
 12205 | Orc:1    | Bought a scroll of identify for 30 gold pieces
 12346 | Orc:2    | Entered Level 2 of the Orcish Mines
 12518 | Orc:2    | Found Tuoloh's Antique Weapon Shop.
 12531 | Orc:2    | Found a staircase to the Elven Halls.
 12676 | Orc:2    | Noticed an orc sorcerer
 12704 | Orc:1    | Reached XP level 12. HP: 88/111 MP: 16/16
 12766 | Orc:2    | Reached *** piety under Qazlal
 12775 | Orc:2    | Gained mutation: You are frail. (-10% HP) [a neqoxec]
 13187 | Orc:1    | Reached **** piety under Qazlal
 13338 | Orc:2    | Noticed an orc high priest
 13449 | Orc:2    | Noticed a soul eater
 13469 | Orc:1    | Killed an orc high priest
 14254 | Orc:2    | Noticed an orc high priest
 14258 | Orc:2    | Noticed a sun demon
 14266 | Orc:2    | Noticed an orc warlord
 14313 | Orc:2    | Killed an orc high priest
 14323 | Orc:2    | Killed an orc warlord
 14534 | Orc:2    | Noticed an orc high priest
 14538 | Orc:2    | Killed an orc high priest
 14825 | Orc:2    | Reached skill level 5 in Dodging
 14977 | Orc:2    | Paralysed by an orc sorcerer for 5 turns
 14983 | Orc:2    | Noticed a soul eater
 15100 | Orc:2    | Paralysed by an orc sorcerer for 3 turns
 15103 | Orc:2    | Noticed a sun demon
 15422 | Orc:2    | Found Faumaipno's Antique Armour Emporium.
 15423 | Orc:2    | Found Bougij's Antique Weapon Emporium.
 15425 | Orc:2    | Found Foomm's General Store.
 15425 | Orc:2    | Found Douph's Jewellery Shoppe.
 15430 | Orc:2    | Bought a runed cloak for 232 gold pieces
 15443 | Orc:2    | Bought a transparent hand axe for 168 gold pieces
 15443 | Orc:2    | Identified the +2 hand axe of Inference {venom, rC+ SInv}
                  | (You bought it in a shop on level 2 of the Orcish Mines)
 15588 | Orc:1    | Noticed Harold
 15588 | Orc:1    | Found Selusupp's Book Emporium.
 15735 | Orc:1    | Killed Harold
 15736 | Orc:1    | Reached XP level 13. HP: 109/109 MP: 14/19
 16288 | Lair:1   | Found a transporter.
 16483 | Lair:1   | Noticed Kuuciris's ghost (journeyman DgGl)
 16619 | Lair:1   | Found a transporter.
 17000 | Lair:1   | Identified the +4 chain mail of Tempters {rPois Int+7}
 17447 | Lair:2   | Reached skill level 10 in Invocations
 17692 | Lair:2   | Noticed Fannar
 17748 | Lair:2   | Killed Fannar
 18054 | Lair:2   | Found a staircase to the Shoals.
 18828 | Lair:3   | Noticed Nessos
 18836 | Lair:3   | Killed Nessos
 18837 | Lair:3   | Reached skill level 15 in Fighting
 19008 | Lair:3   | Reached XP level 14. HP: 121/121 MP: 22/22
 19343 | Lair:3   | Found a hole to the Spider Nest.
 20538 | Lair:4   | Identified the +1 scale mail of Varetaol {MP+9 Str+4 Dex-2}
 20860 | Lair:5   | Entered Level 5 of the Lair of Beasts
 20884 | Lair:4   | Reached ***** piety under Qazlal
 21864 | Lair:5   | Noticed MrSquiggles's ghost (journeyman OpTm)
 21922 | Lair:5   | Found a transporter.
 21928 | Lair:5   | Found a transporter.
 21929 | Lair:5   | Found a bloodstained altar of Trog.
 22155 | Lair:5   | Found a staircase to the Slime Pits.
 23345 | Lair:5   | Reached XP level 15. HP: 98/130 MP: 15/25
 23602 | Lair:5   | Found a corrupted altar of Lugonu.
 23602 | Lair:5   | Found a one-way gate to the infinite horrors of the Abyss.
 24094 | D:11     | Found a frozen archway.
 24129 | IceCv    | Entered an ice cave
 24542 | IceCv    | Identified the +9 plate armour "Waaxt" {Regen+ Slay+2}
 24611 | IceCv    | Reached ****** piety under Qazlal
 24897 | IceCv    | Reached skill level 15 in Invocations
 24899 | IceCv    | Noticed a frost giant
 24914 | IceCv    | Reached skill level 10 in Dodging
 24934 | IceCv    | Killed a frost giant
 25541 | D:11     | Found a runed translucent door.
 25975 | D:12     | Gained mutation: You do not regenerate when monsters are
                  | visible. [a shining eye]
 25984 | D:12     | Lost mutation: You are frail. (-10% HP) [potion of
                  | mutation]
 25984 | D:12     | Lost mutation: You do not regenerate when monsters are
                  | visible. [potion of mutation]
 25984 | D:12     | Gained mutation: You have hidden genetic potential. [potion
                  | of mutation]
 25984 | D:12     | Gained mutation: Your spells are a little harder to cast,
                  | but a little more powerful. [potion of mutation]
 25984 | D:12     | Gained mutation: Your body sometimes deteriorates upon
                  | taking damage. [potion of mutation]
 26924 | D:13     | Found a blossoming altar of Fedhas.
 27045 | D:13     | Found a runed translucent gate.
 27045 | D:13     | Found a runed translucent gate.
 27045 | D:13     | Found a runed translucent gate.
 27046 | D:13     | Noticed koil's ghost (journeyman SpEn)
 27076 | D:13     | Killed koil's ghost
 27250 | D:13     | Found a gate to the Vaults.
 27354 | D:14     | Reached XP level 16. HP: 157/157 MP: 28/28
 27429 | D:14     | Noticed Rupert
 27454 | D:14     | Paralysed by Rupert for 5 turns
 27464 | D:14     | Killed Rupert
 27714 | D:14     | Noticed Azrael
 27738 | D:14     | Killed Azrael
 27845 | D:14     | Noticed Josephine
 27861 | D:14     | Killed Josephine
 27925 | D:14     | You fall into a shaft and drop 1 floor!
 27925 | D:15     | Entered Level 15 of the Dungeon
 28161 | D:15     | Reached skill level 15 in Axes
 28528 | D:15     | Gained mutation: You have a pair of small antennae on your
                  | head. [hidden potential]
 28881 | D:15     | Identified a scroll of acquirement
 28882 | D:15     | Acquired the amulet "Nebutteu" {Reflect Str+5 SH+5 SInv
                  | Stlth-}
 28899 | D:15     | Found an ancient bone altar of Kikubaaqudgha.
 29118 | D:15     | Found a staircase to the Depths.
 29382 | Spider:1 | Entered Level 1 of the Spider Nest
 29704 | Lair:3   | HP: 4/148 [poisoned by a redback]
 30020 | Spider:1 | Noticed Aizul
 30022 | Spider:1 | Noticed Jorgrun
 30205 | Lair:3   | Killed Aizul
 30383 | Lair:3   | Killed Jorgrun
 30589 | Spider:1 | Noticed SirDiesAlot's ghost (adept OgFE)
 30596 | Spider:1 | Found a runed translucent door.
 30653 | Spider:1 | Killed SirDiesAlot's ghost
 30654 | Spider:1 | Reached XP level 17. HP: 157/168 MP: 29/29
 30759 | Spider:1 | You fall into a shaft and drop 1 floor!
 32380 | Spider:1 | Gained mutation: You are robust. (+10% HP) [hidden
                  | potential]
 32380 | Spider:1 | Lost mutation: You have hidden genetic potential. [hidden
                  | potential expressed]
 32691 | Spider:1 | Identified the +0 scale mail of Tesmim {-Cast rPois rCorr}
 33486 | Orc:2    | Bought the ring "Netag" {Fly rF+ Will+} for 595 gold pieces
 33490 | Orc:2    | Upgraded the game from 0.30-a0-242-g7bf8e6d787 to
                  | 0.30-a0-250-g41c1d76940
 33767 | Spider:3 | Found a transporter.
 33770 | Spider:3 | Noticed Gifaivo's ghost (journeyman DECj)
 33792 | Spider:3 | Found a transporter.
 34085 | Spider:3 | Identified the +1 pair of boots of the Robin {rElec}
 34568 | Spider:3 | Killed Gifaivo's ghost
 34709 | Spider:4 | Entered Level 4 of the Spider Nest
 34722 | Spider:4 | Reached XP level 18. HP: 190/191 MP: 0/31
 35307 | Spider:4 | Identified the +1 robe "Meubb" {Harm rElec Dex-5}
 36509 | Spider:4 | Got a gossamer rune of Zot
 36967 | Shoals:1 | Entered Level 1 of the Shoals
 37817 | Shoals:2 | Found Rischuj's Antique Weapon Shoppe.
 37841 | Shoals:2 | Found Fuzxoiz's Antique Armour Shop.
 37849 | Shoals:2 | Found Hasm's Book Emporium.
 38084 | Shoals:2 | Found Doxys's Book Shoppe.
 38093 | Shoals:2 | Found Ameteob's Jewellery Shop.
 38166 | Shoals:2 | Bought the ring of Qeec Sam {rPois rF+ rC+ Dex+6} for 795
                  | gold pieces
 38719 | Shoals:3 | Reached XP level 19. HP: 198/205 MP: 33/33
 38754 | Shoals:3 | Identified the +3 ring mail of Impermeability {rElec rPois
                  | Dex+3}
 38911 | Shoals:3 | Identified the +0 animal skin of Vehumet's Esteem {rF+}
 39305 | Shoals:4 | Entered Level 4 of the Shoals
 40122 | Shoals:4 | Got a barnacled rune of Zot
 40156 | Shoals:4 | Found Paimuej's Assorted Antiques.
 40164 | Shoals:4 | Bought a pair of embroidered gloves for 337 gold pieces
 40175 | Shoals:4 | Bought a scroll of blinking for 337 gold pieces
 40694 | Vaults:1 | Entered Level 1 of the Vaults
 40944 | Vaults:1 | Found a transporter.
 40944 | Vaults:1 | Found a transporter.
 40949 | Vaults:1 | Noticed Ygreuj's ghost (veteran DsFi)
 40949 | Vaults:1 | Noticed garrulousMonolith's ghost (veteran GnFi)
 40949 | Vaults:1 | Noticed a golden dragon
 40954 | Vaults:1 | Noticed Galytir's ghost (adept HOFi)
 41214 | Vaults:1 | Reached skill level 15 in Armour
 41214 | Vaults:1 | Reached XP level 20. HP: 218/219 MP: 35/35
 41369 | Vaults:1 | Noticed Asterion
 41380 | Vaults:1 | Killed Asterion
 41406 | Vaults:1 | Identified the +5 flail "Dewojat" {freeze, rElec rF+ Str-5}
 41594 | Vaults:1 | Found Moirioj's Distillery.
 42193 | Vaults:1 | Killed Ygreuj's ghost
 42222 | Vaults:1 | Killed Galytir's ghost
 42364 | Vaults:1 | Killed a golden dragon
 42381 | Vaults:1 | Killed garrulousMonolith's ghost
 42780 | Vaults:2 | Noticed Sojobo
 42792 | Vaults:2 | Noticed Frederick
 42793 | Vaults:2 | Paralysed by an air elemental for 1 turns
 42802 | Vaults:2 | Paralysed by an air elemental for 1 turns
 42806 | Vaults:2 | Killed Sojobo
 42806 | Vaults:2 | Killed Frederick
 43107 | Vaults:2 | Noticed Donald
 43118 | Vaults:2 | Killed Donald
 44012 | Vaults:3 | Found Pulid's Distillery.
 44146 | Vaults:3 | Reached XP level 21. HP: 225/232 MP: 36/36
 44756 | Vaults:3 | Found a staircase to the Crypt.
 45028 | Vaults:4 | Identified the ring of Neas {rPois Will+ Dex+2}
 45070 | Vaults:4 | Paralysed by a great orb of eyes for 3 turns
 45617 | Vaults:4 | Found Ysmes's Magic Scroll Boutique.
 46795 | D:14     | Noticed Louise
 46809 | D:14     | Killed Louise
 47145 | Depths:1 | Entered Level 1 of the Depths
 47256 | Depths:1 | Noticed Nikola
 47296 | D:15     | Reached XP level 22. HP: 228/246 MP: 31/38
 47321 | Depths:1 | Killed Nikola
 47371 | Depths:1 | Found a gateway to Hell.
 47532 | Depths:1 | Found a corrupted altar of Lugonu.
 47596 | Depths:1 | Found Cius's Weapon Emporium.
 47600 | Depths:1 | Found Urox's Jewellery Emporium.
 47633 | Depths:1 | Bought the ring "Qiush" {rC+ rCorr Int+4 Dex+3} for 941
                  | gold pieces
 47766 | Depths:1 | Found a one-way gate leading to the halls of Pandemonium.
 47865 | Depths:1 | Found a shimmering blue altar of Sif Muna.
 49100 | Depths:2 | Found Dooko's Magic Scroll Shoppe.
 49109 | Depths:2 | Bought a scroll of teleportation for 45 gold pieces
 49109 | Depths:2 | Bought a scroll of blinking for 112 gold pieces
 49384 | Depths:2 | Noticed Saint Roka
 49404 | Depths:2 | Killed Saint Roka
 49482 | Depths:2 | Found a shadowy altar of Dithmenos.
 50123 | Depths:3 | Reached XP level 23. HP: 184/257 MP: 40/40
 50249 | Depths:3 | Noticed a caustic shrike
 50260 | Depths:3 | Killed a caustic shrike
 50449 | Depths:3 | Identified the +2 chain mail "Etuaneh" {Int+7}
 50479 | Depths:3 | Found a shimmering altar of Xom.
 50586 | Depths:3 | Found a hazy altar of Hepliaklqana.
 50597 | Depths:3 | Noticed a golden dragon
 50605 | Depths:3 | Killed a golden dragon
 50612 | Depths:3 | Noticed a juggernaut
 50615 | Depths:3 | Reached skill level 27 in Invocations
 50623 | Depths:3 | Killed a juggernaut
 50714 | Depths:3 | Found a sparkling altar of Nemelex Xobeh.
 50778 | Depths:3 | Noticed a caustic shrike
 50785 | Depths:3 | Killed a caustic shrike
 50818 | Depths:3 | Noticed a caustic shrike
 50828 | Depths:3 | Killed a caustic shrike
 50993 | Depths:3 | Found a radiant altar of Vehumet.
 51114 | Depths:3 | You are sucked into a shaft and drop 1 floor!
 51114 | Depths:4 | Entered Level 4 of the Depths
 51144 | Depths:4 | Identified the ring "Coodug" {Fly Dex+3}
 52087 | Depths:4 | Paralysed by a floating eye for 3 turns
 52098 | Depths:4 | Identified the ring "Catic" {rF+ Will+ Str+5 Slay+4}
 52127 | Depths:4 | Paralysed by a floating eye for 4 turns
 52148 | Depths:4 | Identified the ring of Insomnia {rF- Str+6 Dex+5 Slay+6
                  | SInv}
 52184 | Depths:4 | Found a one-way gateway to a ziggurat.
 52192 | Depths:4 | Reached XP level 24. HP: 245/271 MP: 40/40
 52252 | Depths:4 | Noticed a dread lich
 52258 | Depths:4 | Killed a dread lich
 52339 | Depths:4 | Identified the ring of Daisies {rElec rPois rC+}
 52407 | Depths:4 | Got the Guide on the Barrage and Venom
 52435 | Depths:4 | Noticed a caustic shrike
 52442 | Depths:4 | Reached skill level 27 in Fighting
 52446 | Depths:4 | Killed a caustic shrike
 52688 | Depths:4 | Learned a level 2 spell: Blink
 52691 | Depths:4 | Learned a level 2 spell: Wereblood
 52697 | Depths:4 | Noticed a caustic shrike
 52708 | Depths:4 | Killed a caustic shrike
 52771 | Depths:4 | Reached skill level 1 in Transmutations
 52804 | Depths:4 | Found a transporter.
 52814 | Depths:4 | Found a gate to the Realm of Zot.
 52900 | Depths:4 | Noticed a caustic shrike
 52906 | Depths:4 | Reached skill level 1 in Translocations
 52911 | Depths:4 | Killed a caustic shrike
 53003 | Depths:4 | Found Koat's Assorted Antiques.
 53093 | Depths:4 | Found a transporter.
 53487 | Vaults:3 | Bought a potion of experience for 850 gold pieces
 53487 | Vaults:3 | Reached XP level 25. HP: 282/282 MP: 40/40
 53763 | Depths:2 | Bought a scroll of brand weapon for 142 gold pieces
 53763 | Depths:2 | Bought a scroll of enchant armour for 112 gold pieces
 54074 | Vaults:5 | Entered Level 5 of the Vaults
 54205 | Vaults:5 | Identified the +7 rapier of Evisceration {antimagic, Fly
                  | rElec rF++}
 54226 | Vaults:5 | Reached skill level 5 in Translocations
 54368 | Vaults:5 | Reached skill level 5 in Transmutations
 54395 | Vaults:5 | Reached XP level 26. HP: 103/292 MP: 40/40
 55066 | Vaults:5 | Got a silver rune of Zot
 55308 | Vaults:5 | Identified the +2 scale mail of the Dolphin {rC++}
 55309 | Vaults:5 | Identified the +3 leather armour "Watoptac" {-Cast +Blink
                  | Str+4}
 55315 | Vaults:5 | Got the Book of Coordinates and Profane Mysteries
 57146 | Zot:1    | Entered Level 1 of the Realm of Zot
 57146 | Zot:1    | Noticed an orb of fire
 57147 | Zot:1    | Noticed an orb of fire
 57157 | Zot:1    | Gained mutation: You occasionally lose the ability to read
                  | scrolls when taking damage. [an orb of fire]
 57159 | Zot:1    | Gained mutation: You have hidden genetic defects. [an orb
                  | of fire]
 57159 | Zot:1    | Killed an orb of fire
 57330 | Zot:1    | Gained mutation: You occasionally lose the ability to drink
                  | potions when taking damage. [an orb of fire]
 57332 | Zot:1    | Reached skill level 15 in Dodging
 57339 | Depths:4 | Killed an orb of fire
 57856 | Zot:1    | Gained mutation: You sometimes lose the ability to read
                  | scrolls when taking damage. [hidden defects]
 57923 | Zot:1    | Noticed an ancient lich
 57958 | Zot:1    | Found a transporter.
 57959 | Zot:1    | Found a radiant altar of Vehumet.
 58111 | Zot:1    | Killed an ancient lich
 58277 | Zot:1    | Found a transporter.
 58376 | Depths:4 | Bought a scroll of enchant armour for 277 gold pieces
 58681 | Orc:1    | Bought a scroll of enchant armour for 112 gold pieces
 58681 | Orc:1    | Bought a scroll of immolation for 60 gold pieces
 59147 | Zot:2    | Found the +4 dragonskin cloak
 59147 | Zot:2    | Noticed Tiamat
 59351 | Zot:1    | Lost mutation: You are robust. (+10% HP) [hidden defects]
 59351 | Zot:1    | Lost mutation: You have hidden genetic defects. [hidden
                  | defects expressed]
 59441 | Zot:2    | Killed Tiamat
 60015 | Zot:3    | Found the +10 Black Knight's barding {ponderous, rPois rN+}
 60154 | Zot:3    | Reached XP level 27. HP: 269/270 MP: 40/40
 61357 | Zot:3    | Lost mutation: You sometimes lose the ability to read
                  | scrolls when taking damage. [potion of mutation]
 61357 | Zot:3    | Lost mutation: Your spells are a little harder to cast, but
                  | a little more powerful. [potion of mutation]
 61357 | Zot:3    | Gained mutation: You are partially covered in iridescent
                  | scales. (AC +2) [potion of mutation]
 61357 | Zot:3    | Lost mutation: You have a pair of small antennae on your
                  | head. [potion of mutation]
 61358 | Zot:3    | Lost mutation: You occasionally lose the ability to drink
                  | potions when taking damage. [potion of mutation]
 61358 | Zot:3    | Lost mutation: Your body sometimes deteriorates upon taking
                  | damage. [potion of mutation]
 61358 | Zot:3    | Gained mutation: You are robust. (+10% HP) [potion of
                  | mutation]
 61358 | Zot:3    | Gained mutation: You expend magic power (3 MP) to
                  | strengthen your wands. [potion of mutation]
 61713 | Zot:4    | Reached skill level 1 in Spellcasting
 62626 | Zot:5    | Entered Level 5 of the Realm of Zot
 62829 | Zot:5    | Found Xuiblu's CLEARANCE SALE!.
 62838 | Zot:5    | Bought a potion of mutation for 64 gold pieces
 62838 | Zot:5    | Bought a scroll of brand weapon for 76 gold pieces
 63011 | Zot:5    | Noticed an orb of fire
 63015 | Zot:5    | Noticed an orb of fire
 63016 | Zot:5    | Gained mutation: You do not regenerate when monsters are
                  | visible. [an orb of fire]
 63031 | Zot:5    | Gained mutation: You occasionally lose the ability to drink
                  | potions when taking damage. [an orb of fire]
 63036 | Zot:5    | Gained mutation: You have a pair of small antennae on your
                  | head. [an orb of fire]
 63038 | Zot:5    | Killed an orb of fire
 63041 | Zot:5    | Killed an orb of fire
 63045 | Zot:5    | Lost mutation: You have a pair of small antennae on your
                  | head. [potion of mutation]
 63045 | Zot:5    | Lost mutation: You occasionally lose the ability to read
                  | scrolls when taking damage. [potion of mutation]
 63045 | Zot:5    | Gained mutation: You possess an exceptional clarity of
                  | mind. [potion of mutation]
 63046 | Zot:5    | Lost mutation: You possess an exceptional clarity of mind.
                  | [potion of mutation]
 63046 | Zot:5    | Lost mutation: You are partially covered in iridescent
                  | scales. (AC +2) [potion of mutation]
 63046 | Zot:5    | Gained mutation: Your spells are a little easier to cast,
                  | but a little less powerful. [potion of mutation]
 63047 | Zot:5    | Lost mutation: You expend magic power (3 MP) to strengthen
                  | your wands. [potion of mutation]
 63047 | Zot:5    | Lost mutation: You are robust. (+10% HP) [potion of
                  | mutation]
 63047 | Zot:5    | Gained mutation: You are strong-willed. (Will+) [potion of
                  | mutation]
 63048 | Zot:5    | Lost mutation: You occasionally lose the ability to drink
                  | potions when taking damage. [potion of mutation]
 63048 | Zot:5    | Lost mutation: You do not regenerate when monsters are
                  | visible. [potion of mutation]
 63048 | Zot:5    | Lost mutation: You are strong-willed. (Will+) [potion of
                  | mutation]
 63048 | Zot:5    | Gained mutation: You are clumsy. (Dex -2) [potion of
                  | mutation]
 63048 | Zot:5    | Gained mutation: You are resistant to electric shocks.
                  | (rElec) [potion of mutation]
 63057 | Zot:5    | Noticed a dread lich
 63059 | Zot:5    | Paralysed by a dread lich for 3 turns
 63061 | Zot:5    | Noticed an ancient lich
 63064 | Zot:5    | Noticed a dread lich
 63066 | Zot:5    | Killed a dread lich
 63067 | Zot:5    | Reached skill level 10 in Translocations
 63073 | Zot:5    | Killed a dread lich
 63080 | Zot:5    | Killed an ancient lich
 63276 | Zot:5    | Noticed a dread lich
 63278 | Zot:5    | Noticed an ancient lich
 63287 | Zot:5    | Killed a dread lich
 63295 | Zot:5    | Killed an ancient lich
 63308 | Zot:5    | Noticed an orb of fire
 63320 | Zot:5    | Killed an orb of fire
 63331 | Zot:5    | Noticed a dread lich
 63333 | Zot:5    | Noticed a dread lich
 63333 | Zot:5    | Noticed an ancient lich
 63344 | Zot:5    | Killed a dread lich
 63347 | Zot:5    | Killed a dread lich
 63379 | Zot:5    | Killed an ancient lich
 63380 | Zot:5    | Reached skill level 10 in Transmutations
 63468 | Zot:5    | Got the Orb of Zot
 63498 | Zot:5    | Noticed Fom Naej the pandemonium lord
 63507 | Zot:5    | Killed Fom Naej the pandemonium lord
 63508 | Zot:5    | Reached skill level 1 in Evocations
 63523 | Zot:5    | Noticed a dread lich
 63528 | Zot:5    | Killed a dread lich
 63584 | Zot:4    | Noticed Wutiry the pandemonium lord
 63595 | Zot:4    | Noticed Meul the pandemonium lord
 63597 | Zot:4    | Killed Wutiry the pandemonium lord
 63607 | Zot:4    | Killed Meul the pandemonium lord
 63842 | D:15     | Noticed Burhouva the pandemonium lord
 63849 | D:15     | Killed Burhouva the pandemonium lord
 63927 | D:11     | Noticed Kejotoc the pandemonium lord
 63957 | D:11     | Killed Kejotoc the pandemonium lord
 64225 | D:$      | Escaped with the Orb!

Illustrated notes

Levels and vault maps discovered:
D:1:      pf_arrival_petrified_forest, layout_loops_ring,
          hangedman_decor_slide_cut
D:2:      layout_rooms, serial_undead, serial_undead_a, serial_undead_d,
          serial_undead_b, serial_undead_d, serial_undead_a, serial_undead_f,
          minmay_tetromino_i2
D:3:      minmay_diamond_boxcup, layout_loops_ring, amcnicky_altar_gilded,
          dk_yredelemnul_ordeal, minmay_between, uniq_jessica
D:4:      layout_loops_ring, zin_academy, chequers_serial_rivers_micro_c,
          serial_bayou_lagoon_a
D:5:      layout_basic, enter_ossuary_4, uniq_eustachio
D:6:      layout_loops_ring, minmay_temple_entry_gardened_gates, serial_shops,
          nicolae_inconvenience_store, uniq_sigmund
D:7:      layout_basic
D:8:      layout_layer_cave, serial_shops, nicolae_shop_hallway_plus,
          uniq_prince_ribbit1, uniq_pikel, uniq_erica
D:9:      layout_rooms, gammafunk_temple_overflow_forgotten
D:10:     layout_stronghold, marbit_many_paths, david_lair_generic,
          david_orc_1_choice, serial_column_ruins, column_ruins_hut,
          column_ruins_open_tiny, column_ruins_corridor_straight,
          column_ruins_corridor_T, column_ruins_grid_1, minmay_microvault
D:11:     cheibrodos_shockbox, layout_basic, portal_ice_cave_entry_ice_simulacra
D:12:     layout_roguey
D:13:     layout_rooms, david_vaults_5, maelrawn_ghost_gauntlet_escape,
          fedhas_altar_1
D:14:     layout_roguey, uniq_louise, uniq_azrael, uniq_josephine, uniq_rupert
D:15:     gammafunk_enter_depths_forms, layout_loops_corners,
          kiku_gazebo_garden_becter
Temple:   minmay_freezing_vapour_temple
Lair:1:   layout_small_grid, gammafunk_ghost_hive
Lair:2:   layout_long_grid, elwin_shoals_entry_rocks,
          dreamdust_mushroom_princess, ldierk_geyser, uniq_fannar
Lair:3:   layout_layer_cave, dummy_spider_entry, grunt_megastairs_5, uniq_nessos
Lair:4:   layout_gridlike, st_stairs_12, lemuel_another_geyser
Lair:5:   hellmonk_lair_end_abyssal_woods, layout_misc_corridors, slime_entry_1,
          gammafunk_ghost_wrathful_warriors, enter_volcano_2,
          serial_bayou_shore_a
Shoals:1: layout_shoals
Shoals:2: layout_shoals, serial_shops, nicolae_shop_waterfront,
          nicolae_shop_crystal, shop, nicolae_stop_n_shop_2,
          nicolae_diamond_shop
Shoals:3: argonaut_golden_fleece, layout_shoals
Shoals:4: shoals_end_grunt_ice, layout_shoals, serial_shops,
          nicolae_shop_overgrown_old_shop
Spider:1: layout_spider_delve, special_room [special_room_bee],
          hellmonk_ghost_happy_afterlife, uniq_aizul, uniq_jorgrun
Spider:2: layout_chambers, nicolae_spider_nooks_and_crannies
Spider:3: layout_chambers, gammafunk_ghost_arena
Spider:4: spider_rune_water
Orc:1:    layout_diamond_mine, serial_shops, nicolae_shop_hallway_plus,
          shop_statue, nicolae_shop_trees, shop_coins, nicolae_orc_damp_corner,
          uniq_nergalle, uniq_harold
Orc:2:    st_orc_congregation, layout_caves, serial_shops, shop, mines5_lemuel
Vaults:1: nzn_ghost_randoct, vaults_dpeg_diagonal, vaults_room_boxed,
          hangedman_vaults_river_flow, vaults_dpeg_emergency_exit,
          v_alt_pattern_5, nicolae_vaults_network_s, nicolae_vaults_quadrants,
          nicolae_vaults_yaktaur_gun_rack, nicolae_vaults_network_star,
          nicolae_vaults_little_ls, layout_vaults_omnicross, serial_shops, shop,
          uniq_asterion
Vaults:2: v_misc_30, ontoclasm_vaults_misaligned, vaults_dpeg_encased_lava,
          hangedman_vaults_impose, vaults_dpeg_cross, vaults_dpeg_ring,
          nicolae_vaults_three_branches, nicolae_vaults_alarming,
          nicolae_vaults_mini_display_case, layout_vaults_quadrants,
          uniq_sojobo, uniq_frederick, uniq_donald
Vaults:3: nicolae_vaults_network_barrier, ontoclasm_vaults_decontamination,
          hangedman_vaults_unwind, v_alt_pattern_4, hangedman_vaults_capsules,
          v_alt_pattern_4, ontoclasm_vaults_fault, v_misc_16,
          minmay_crypt_entry_simple_box, v_misc_18, vaults_room_pools,
          layout_vaults_omnibox, serial_shops, shop
Vaults:4: grunt_vaults_twisty, v_misc_17, v_misc_26, hangedman_vaults_impose,
          st_quartered_hall, ontoclasm_vaults_pinch, vaults_room_door_ring,
          v_misc_30, nicolae_vaults_diagonal_hallway_9, v_alt_pattern_2,
          ontoclasm_vaults_spin, v_rooms_3, nicolae_vaults_inception_scallops,
          ontoclasm_vaults_shuriken, v_misc_15, layout_vaults_maze,
          serial_shops, nicolae_shop_temple_entry_statues_fountains
Vaults:5: serial_shops
Depths:1: layout_forbidden_donut, minmay_misc_feat_doors, hell_entry,
          rand_demon_pan_entry_7, abyss_entry_flame_altar,
          nicolae_sif_muna_little_library, minmay_shop_star, grunt_megastairs_4,
          uniq_nikola
Depths:2: nzn_winding_woodlands_huge [nzn_winding_woodlands_5x15_lazy_stream,
          nzn_winding_woodlands_5x15_parted, nzn_winding_woodlands_5x15_garden,
          nzn_winding_woodlands_5x15_eye, nzn_winding_woodlands_5x15_sidewinder,
          nzn_winding_woodlands_5x15_cabin,
          nzn_winding_woodlands_5x15_pathside_ponds,
          nzn_winding_woodlands_5x15_twine, nzn_winding_woodlands_5x15_default,
          nzn_winding_woodlands_5x15_sawtooth,
          nzn_winding_woodlands_center_lodge,
          nzn_winding_woodlands_center_garden,
          nzn_winding_woodlands_15x15_thick_spiral], layout_basic, hell_entry,
          pan_entry, abyss_entry, nicolae_dithmenos_through_a_glass_darkly,
          serial_shops, nicolae_shop_window_shopping, st_stairs_13,
          infiniplex_staircase_pool_2, uniq_saint_roka
Depths:3: hangedman_box_tower, layout_gridlike, pf_coc_iceberg,
          nicolae_abyss_entry_one_way_or_another
Depths:4: hangedman_spin_cycle, hell_entry, abyss_entry
Zot:1:    gammafunk_sealed_library, layout_misc_corridors, st_stairs_2
Zot:2:    layout_onion_interference, st_stairs_8, uniq_tiamat
Zot:3:    nicolae_zot_stationary_front, layout_onion
Zot:4:    layout_gridlike, st_small_dragon_hoard_3, nicolae_lava_and_water,
          zot_minivault_4
Zot:5:    layout_basic, nicolae_shop_clearance

Skill      XL: |  1  2  3  4  5  6  7  8  9 10 11 12 13 14 15 16 17 18 19 20 21 22 23 24 25 26 27 |
---------------+----------------------------------------------------------------------------------+-----
Axes           | 3 4 5 6 7 9 10 12 14 16 17 18 | 18.0
Fighting       | 4 5 6 7 9 10 11 13 15 16 18 19 20 22 23 24 25 26 27 | 27.0
Armour         | 4 5 7 8 9 10 13 15 16 18 19 21 22 23 25 | 25.0
Shields        | 4 5 7 8 9 10 11 12 13 | 13.7
Invocations    | 3 4 6 8 11 14 16 17 19 20 22 23 25 26 27 | 27.0
Dodging        | 2 5 7 9 10 11 13 14 16 17 | 17.7
Transmutations | 3 5 7 10 | 10.1
Translocations | 3 5 8 11 | 11.0
Spellcasting   | 1 |  1.1
Evocations     | 4 |  4.4

Action                   |  1- 3 |  4- 6 |  7- 9 | 10-12 | 13-15 | 16-18 | 19-21 | 22-24 | 25-27 || total
-------------------------+-------+-------+-------+-------+-------+-------+-------+-------+-------++-------
Melee: War axe           |   109 |   109 |   364 |   142 |       |       |       |       |       ||   724
       Hand axe          |       |       |       |   764 |  1480 |       |       |       |       ||  2244
       Morningstar       |       |       |       |       |    23 |    13 |       |       |       ||    36
       Broad axe         |       |       |       |       |   132 |  1092 |  1256 |  1058 |   972 ||  4510
Throw: Javelin           |       |       |       |       |       |       |       |       |     3 ||     3
 Cast: Blink             |       |       |       |       |       |       |       |       |     1 ||     1
       Wereblood         |       |       |       |       |       |       |       |       |     8 ||     8
Invok: Upheaval          |       |       |       |     6 |     8 |    19 |       |     2 |     5 ||    40
       Elemental Force   |       |       |       |     5 |     1 |     2 |     1 |     1 |     6 ||    16
       Disaster Area     |       |       |       |       |     3 |     6 |     4 |     4 |    10 ||    27
Evoke: Wand              |       |       |     6 |     7 |     2 |     2 |       |       |       ||    17
       Condenser vane    |       |       |       |       |       |       |       |       |     2 ||     2
  Use: Scroll            |     6 |     2 |     3 |     9 |    11 |     9 |       |     2 |    17 ||    59
       Potion            |       |       |     3 |     3 |     2 |     6 |       |     1 |    29 ||    44
 Stab: Paralysed         |       |       |       |     2 |     2 |     1 |       |       |    11 ||    16
       Distracted        |       |       |       |     1 |       |       |       |     1 |     2 ||     4
       Petrified         |       |       |       |       |     1 |       |       |       |       ||     1
       Held in net/web   |       |       |       |       |       |       |     1 |       |       ||     1
       Confused          |       |       |       |       |       |       |       |       |     8 ||     8
Armor: Scale mail        |    52 |    14 |       |       |       |       |       |       |       ||    66
       Plate armour      |       |    38 |   210 |   228 |   541 |   600 |   383 |   310 |   452 ||  2762
       Skin              |       |       |     9 |       |       |       |       |       |       ||     9
       Acid dragon scale |       |       |       |   190 |       |       |       |       |       ||   190
       Chain mail        |       |       |       |       |   141 |     2 |       |       |       ||   143
       Crystal plate arm |       |       |       |       |    14 |       |       |       |       ||    14
Dodge: Dodged            |    71 |    32 |    80 |   262 |   439 |   345 |   303 |   249 |   457 ||  2238
       Repelled          |       |       |       |     1 |     4 |     7 |     5 |    11 |    37 ||    65
Block: Buckler           |    34 |    30 |    94 |   350 |   612 |       |       |       |       ||  1120
       Kite shield       |       |       |       |       |   258 |  1388 |  1357 |   951 |  1333 ||  5287
       Reflection        |       |       |       |       |       |    33 |    87 |    23 |    49 ||   192

Table legend: (Time is in decaauts)
 A = Elapsed time spent in this place.
 B = Non-inter-level travel time spent in this place.
 C = Inter-level travel time spent in this place.
 D = Time resting spent in this place.
 E = Time spent auto-exploring this place.
 F = Levels seen in this place.
 G = Mean time per level.
                   A        B        C        D        E       F      G
               +--------+--------+--------+--------+--------+-----+--------+
         Total |  62999 |  56072 |   6927 |  10404 |  31978 |  47 | 1340.4 |
       Dungeon |  18018 |  15685 |   2333 |   2166 |  10248 |  15 | 1201.2 |
        Temple |     11 |     11 |      0 |      0 |      0 |   1 |   11.0 |
          Lair |   9068 |   8280 |    788 |   2224 |   4708 |   5 | 1813.6 |
        Shoals |   3732 |   3379 |    353 |    126 |   2444 |   4 |  933.0 |
   Spider Nest |   6034 |   5650 |    384 |   1141 |   3074 |   4 | 1508.5 |
  Orcish Mines |   4266 |   4039 |    227 |   1975 |   1192 |   2 | 2133.0 |
        Vaults |   8769 |   7231 |   1538 |    854 |   4634 |   5 | 1753.8 |
        Depths |   6222 |   5187 |   1035 |    426 |   3125 |   4 | 1555.5 |
           Zot |   5495 |   5228 |    267 |   1265 |   2172 |   5 | 1099.0 |
       Ossuary |    480 |    480 |      0 |     47 |    112 |   1 |  480.0 |
      Ice Cave |    901 |    901 |      0 |    180 |    266 |   1 |  901.0 |
               +--------+--------+--------+--------+--------+-----+--------+

Top non-repeatable levels by time:
   Orc:1: 2703 daAuts
  Lair:3: 2347 daAuts
Vaults:1: 2300 daAuts
    D:10: 2248 daAuts
     D:8: 2100 daAuts
  Lair:5: 2067 daAuts
    D:15: 1942 daAuts
Depths:3: 1922 daAuts
Vaults:4: 1870 daAuts
Spider:3: 1814 daAuts
Depths:2: 1722 daAuts
  Lair:4: 1660 daAuts
Spider:2: 1619 daAuts
Spider:4: 1615 daAuts
Vaults:3: 1611 daAuts
